 Dungeon Crawl Stone Soup version 0.28-a0-616-gdeb3d7f7b4 (webtiles) character file.

Game seed: 14024132613523789833

96551 KristoblXynda the Fencer (level 15, -3/192 HPs)
             Began as a Grey Draconian Gladiator on Oct 6, 2021.
             Was an Initiate of Gozag.
             Slain by a centaur warrior simulacrum (22 damage)
             ... animated by a necromancer
             ... on level 15 of the Dungeon.
             The game lasted 00:43:33 (29000 turns).

KristoblXynda the Fencer (DrGl)                    Turns: 29000, Time: 00:43:35

Health: -3/192     AC: 26    Str: 25    XL:     15   Next: 69%
Magic:  26/26      EV: 19    Int: 16    God:    Gozag
Gold:   7487       SH:  5    Dex: 16    Spells: 22/29 levels left

rFire   . . .      SeeInvis .   l - +5 scimitar (flame)
rCold   . . .      Faith    .   z - +0 buckler
rNeg    . . .      Spirit   .   (armour unavailable)
rPois   .          Reflect  .   E - +0 hat of Uciz Bao {Rampage Regen+ Str+3}
rElec   .          Harm     .   q - +1 cloak
rCorr   .          Rampage  +   g - +2 pair of gloves
Will    +....                   A - +2 pair of boots
Stlth   ..........              (no amulet)
HPRegen 1.42/turn               d - +6 ring of strength
MPRegen 0.20/turn               C - ring "Kuwaum" {Fly AC+4 Int+4}

@: berserking, gold aura, flying, very quick
A: AC +14, amphibious, unfitting armour, cold-blooded
a: Renounce Religion, Potion Petition, Call Merchant, Bribe Branch


You were on level 15 of the Dungeon.
You worshipped Gozag.
Gozag was greatly pleased with you.
You visited 3 branches of the dungeon, and saw 22 of its levels.
You also visited: Bailey and Volcano.

You collected 7517 gold pieces.
You paid 30 gold pieces to Gozag.

Inventory:

Hand Weapons
 k - the +8 long sword of Enifitz {elec, Str+4 Stlth+}
   (You found it on level 1 of the Lair of Beasts)

   It occasionally discharges a powerful burst of electricity upon striking a
   foe.
   Str:       It affects your strength (+4).
   Stlth:     It makes you more stealthy.
 l - a +5 scimitar of flaming (weapon)
 u - a +3 double sword of holy wrath
Missiles
 c - 4 throwing nets (quivered)
Armour
 g - a +2 pair of gloves (worn)
 q - a +1 cloak (worn)
 z - a +0 buckler (worn)
 A - a +2 pair of boots (worn)
 E - the +0 hat of Uciz Bao (worn) {Rampage Regen+ Str+3}
   (You acquired it in a bailey)

   Str:       It affects your strength (+3).
   Regen:     It increases your rate of health regeneration.
   Rampage:   It bestows one free step when moving towards enemies.
Jewellery
 d - a +6 ring of strength (left hand)
 C - the ring "Kuwaum" (right hand) {Fly AC+4 Int+4}
   (You took it off an orc on level 8 of the Dungeon)

   [ring of protection]

   AC:        It affects your AC (+4).
   Int:       It affects your intelligence (+4).
   Fly:       It grants you flight.
 D - a ring of ice
Wands
 h - a wand of paralysis (23)
 m - a wand of digging (8)
 s - a wand of acid (11)
 v - a wand of iceblast (20)
Scrolls
 e - 2 scrolls of magic mapping
 f - 9 scrolls of amnesia
 i - 3 scrolls of fog
 j - 2 scrolls of silence
 n - 2 scrolls of blinking
 p - 10 scrolls of teleportation
 y - a scroll of enchant armour
 J - 3 scrolls of identify
Potions
 b - 3 potions of heal wounds
 o - a potion of mutation
 t - a potion of magic
 w - 3 potions of attraction
 x - 4 potions of haste
 B - a potion of lignification
 F - a potion of might
 G - 2 potions of curing
 I - 2 potions of cancellation
Miscellaneous
 r - a phantom mirror
 H - a lightning rod (4/4)


   Skills:
 + Level 10.4 Fighting
 + Level 16.0 Long Blades
 - Level 2.0 Throwing
 + Level 13.5 Dodging
 + Level 3.7 Shields
 - Level 7.7 Spellcasting
 - Level 10.0 Translocations
 - Level 4.1 Earth Magic
 + Level 9.9 Evocations


You had 22 spell levels left.
You knew the following spells:

 Your Spells              Type           Power      Damage    Failure   Level
a - Blink                 Tloc           N/A        N/A       1%          2
b - Borgnjor's Vile Clut  Necr/Erth      6%         N/A       80%         5

Your spell library contained the following spells:

 Spells                   Type           Power      Damage    Failure   Level
 Gell's Gravitas          Tloc           19%        N/A       1%          3
 Lesser Beckoning         Tloc           38%        N/A       1%          3
 Teleport Other           Tloc           38%        N/A       1%          3
 Passage of Golubria      Tloc           N/A        N/A       1%          4
 Portal Projectile        Hex/Tloc       44%        N/A       4%          3
 Manifold Assault         Tloc           38%        N/A       5%          5
 Passwall                 Tmut/Erth      10%        N/A       8%          2
 Magic Dart               Conj           24%        1d4       12%         1
 Call Imp                 Summ           6%         N/A       19%         2
 Corpse Rot               Necr/Air       N/A        N/A       19%         2
 Poisonous Vapours        Pois/Air       12%        N/A       19%         2
 Slow                     Hex            6%         N/A       19%         2
 Call Canine Familiar     Summ           6%         N/A       34%         3
 Confusing Touch          Hex            6%         N/A       34%         3
 Mephitic Cloud           Conj/Pois/Air  6%         N/A       34%         3
 Swiftness                Air            6%         N/A       34%         3
 Vampiric Draining        Necr           3%         2d6       34%         3
 Summon Forest            Summ/Tloc      11%        N/A       38%         5
 Leda's Liquefaction      Hex/Erth       6%         N/A       45%         4
 Summon Ice Beast         Ice/Summ       6%         N/A       75%         4
 Summon Mana Viper        Hex/Summ       6%         N/A       97%         5
 Invisibility             Hex            3%         N/A       100%        6
 Iron Shot                Conj/Erth      6%         9d2       100%        6
 Summon Cactus Giant      Summ           3%         N/A       100%        6
 Malign Gateway           Summ/Tloc      11%        N/A       100%        7
 Animate Armour           Summ/Erth      Unusable   N/A       N/A         4

Dungeon Overview and Level Annotations

Branches:
Dungeon (15/15)            Temple (1/1) D:5            Lair (6/6) D:11
 Shoals (0/4) Lair:3       Spider (0/4) Lair:4        Slime (0/5) Lair:5
    Orc (0/2) D:11         Vaults (0/5) D:14         Depths (0/4) D:15
 Bailey (visited)         Volcano (visited)

Altars:
Ashenzari
Cheibriados
Dithmenos
Elyvilon
Fedhas
Gozag
Hepliaklqana
Kikubaaqudgha
Makhleb
Nemelex Xobeh
Okawaru
Qazlal
Ru
Sif Muna
Trog
Uskayaw
Vehumet
Wu Jian
Xom
Yredelemnul
Zin
The Shining One

Shops:
D:10 :   D:11 :

Annotations:
D:3 1 runed translucent door
Lair:5 exclusion: 5 oklob plants


Innate Abilities, Weirdness & Mutations

Your dull iron-grey scales are very hard. (AC +14)
You are amphibious.
You cannot fit into any form of body armour.
You are cold-blooded and may be slowed by cold attacks.


Message History

The ettin closely misses you.
The ettin hits you with a +0 great mace!!
* * * LOW HITPOINT WARNING * * *
You hit the ettin. You burn the ettin.
You tail-slap the ettin, but do no damage.
The ettin is moderately wounded.
Really quaff the potion of lignification? [Y]es or [N]o only, please.
Really quaff the potion of lignification?
Okay, then.
You feel much better.
The ettin hits you with a +0 dire flail!!
The ettin hits you with a +0 great mace!
A red film seems to cover your vision as you go berserk!
You feel yourself moving faster!
You feel mighty! The ettin closely misses you. The ettin barely misses you.
You barely miss the ettin.
The ettin is moderately wounded.
The ettin hits you with a +0 dire flail!!
* * * LOW HITPOINT WARNING * * *
The ettin hits you with a +0 great mace!!
* * * LOW HITPOINT WARNING * * *
You slice the ettin!! You burn the ettin. You tail-slap the ettin.
The ettin is almost dead.
The necromancer gestures wildly while chanting.
The necromancer binds the souls of nearby monsters.
The centaur warrior simulacrum is distracted by your dazzling golden aura.
You slice the ettin!! You burn the ettin.
You kill the ettin!
A freezing mist starts to gather...
An ettin simulacrum comes into view.
The centaur warrior simulacrum is no longer distracted by gold.
You rampage towards the necromancer!
You closely miss the necromancer.
The necromancer is moderately wounded.
The centaur warrior simulacrum closely misses you.
The centaur warrior simulacrum kicks you.
* * * LOW HITPOINT WARNING * * *
The centaur warrior simulacrum freezes you!!
You die...
Your body crumbles into a pile of gold.

*,* *,,,..#,,,*,# *,* *,*
****#.#,,,,.##* *,* *,*
##.#⌠,,#..,* *,*
#,######..####.#####** *,*
#.*...........#....,,* *,*
*..,,.............#*,* *,*
**#.###.##....#,..##.##***,*
#..<.......Z##.......,,,,*
#.###......p@..#**,*******
#,* ####.#.Z#### *,*
*,*****#.#..# *,*
*,,,,,,..#..#*****,*
******####...,,,,,,**
##.##***,,,** #.# **,,,,,**
#.# *,,,,,,,**** ********
*,* *,,,,,,,,,,*


You could see a necromancer, a centaur warrior simulacrum and an ettin
simulacrum.

Vanquished Creatures
  Gastronok (D:8)
  A red draconian (Volcano)
  Snorg (Lair:6)
  An ettin (D:15)
  A great orb of eyes (shapeshifter) (D:13)
  4 boulder beetles
  A great orb of eyes (D:14)
  Fannar (D:10)
  A rakshasa (D:12)
  An ogre mage (Volcano)
  12 two-headed ogres
  4 centaur warriors
  6 hydras
  8 death yaks (Lair:6)
  Urug (Lair:6)
  Nergalle (D:10)
  Sonja (Lair:2)
  A deep elf knight (D:14)
  A tengu warrior (D:15)
  A fire crab (Lair:5)
  A deep troll (D:15)
  An orange crystal statue (D:11)
  A lindwurm (Lair:6)
  A wizard (D:14)
  An orb spider (Lair:4)
  A deep elf pyromancer (D:14)
  5 orc knights
  4 deep elf zephyrmancers (D:14)
  An orc sorcerer (Bailey)
  4 cyclopes
  4 ugly things
  5 slime creatures
  4 manticores
  23 elephants
  6 black mambas
  Maurice (D:8)
  Joseph (D:7)
  2 torpor snails
  A merfolk siren (Lair:3)
  17 cane toads
  7 komodo dragons
  A rime drake (Lair:4)
  An efreet (D:12)
  A kobold demonologist (Bailey)
  2 yaktaurs (D:14)
  3 merfolk (Lair:3)
  8 polar bears
  6 meliai
  5 hornets (Lair:6)
  6 trolls
  15 blink frogs
  A wind drake (shapeshifter) (D:14)
  Prince Ribbit (D:7)
  12 spriggans (Lair:6)
  6 wyverns
  A vampire (D:12)
  3 shadows
  62 yaks
  2 steam dragons (D:7)
  A wraith (D:12)
  2 basilisks
  6 vampire mosquitoes
  15 water moccasins
  3 acid dragons
  4 ice beasts
  15 orc warriors
  2 sky beasts (D:8)
  A hornet zombie (D:7)
  A necrophage (D:7)
  7 ogres
  8 black bears
  4 boggarts
  23 wolves (Lair:6)
  8 centaurs
  A phantom (D:5)
  7 kobold brigands
  A wyvern zombie (D:7)
  16 bullfrogs
  7 gnoll sergeants
  3 scorpions
  The ghost of kelmiir the Insei, a weakling GnTm (D:3)
  8 wights
  6 electric eels
  2 howler monkeys
  4 centaur zombies
  4 hounds
  A centaur skeleton (D:7)
  2 jellies
  A gnoll shaman (D:5)
  2 orc priests (D:12)
  A bullfrog skeleton (D:6)
  An iguana (D:5)
  4 orc wizards
  A killer bee zombie (D:7)
  30 gnolls
  9 adders
  2 white imps
  An ufetubus (D:6)
  2 adder skeletons (D:4)
  4 worms
  5 dart slugs
  30 orcs
  8 endoplasms
  4 giant cockroaches
  18 goblins
  16 hobgoblins
  13 kobolds
  5 quokkas
  4 ball pythons
  2 bats
  A frilled lizard (D:3)
  6 rats
609 creatures vanquished.

Vanquished Creatures (collateral kills)
  A two-headed ogre (D:12)
1 creature vanquished.

Vanquished Creatures (others)
  A centaur (D:13)
  21 fungi
  39 plants
  5 withered plants (D:3)
66 creatures vanquished.

Grand Total: 676 creatures vanquished

Notes
Turn   | Place    | Note
-------+----------+-------------------------------------------
     0 | D:1      | KristoblXynda the Draconian Gladiator began the quest for
                  | the Orb.
     0 | D:1      | Reached XP level 1. HP: 17/17 MP: 1/1
   136 | D:1      | Reached XP level 2. HP: 25/25 MP: 2/2
   606 | D:1      | Found a faded altar of an unknown god.
   987 | D:2      | Reached XP level 3. HP: 29/30 MP: 3/3
  1429 | D:2      | Learned a level 2 spell: Blink
  1468 | D:2      | Reached XP level 4. HP: 33/38 MP: 4/4
  1474 | D:2      | Reached skill level 4 in Long Blades
  1800 | D:2      | Found a shadowy altar of Dithmenos.
  2360 | D:3      | Found an opulent altar of Gozag.
  2602 | D:3      | Became a worshipper of Gozag Ym Sagoz the Greedy
  2604 | D:3      | Found a runed translucent door.
  2608 | D:3      | Noticed kelmiir's ghost (weakling GnTm)
  2638 | D:3      | Reached XP level 5. HP: 35/45 MP: 5/5
  3228 | D:3      | Found a runed translucent door.
  3316 | D:3      | Found a blossoming altar of Fedhas.
  3318 | D:3      | Found an ancient bone altar of Kikubaaqudgha.
  3344 | D:3      | Noticed a centaur
  3349 | D:3      | Killed a centaur
  3350 | D:3      | Reached skill level 5 in Long Blades
  3363 | D:3      | Found a glowing golden altar of the Shining One.
  3463 | D:3      | Reached XP level 6. HP: 47/52 MP: 6/6
  4061 | D:4      | Found Tesia's Book Shoppe.
  4445 | D:4      | Reached skill level 6 in Long Blades
  4445 | D:4      | Your scales start taking on a dull iron-grey colour.
  4445 | D:4      | Reached XP level 7. HP: 53/60 MP: 7/7
  4844 | D:3      | Killed kelmiir's ghost
  4983 | D:5      | Entered Level 5 of the Dungeon
  4999 | D:5      | Reached skill level 5 in Fighting
  5058 | D:5      | Found a sacrificial altar of Ru.
  5276 | D:5      | Reached skill level 7 in Long Blades
  5283 | D:5      | Reached skill level 5 in Dodging
  5296 | D:5      | Reached XP level 8. HP: 37/69 MP: 8/8
  5529 | D:5      | Found a staircase to the Ecumenical Temple.
  5538 | Temple   | Entered the Ecumenical Temple
  6277 | D:5      | Found a hazy altar of Hepliaklqana.
  6664 | D:6      | Reached skill level 8 in Long Blades
  6773 | D:6      | Found a bloodstained altar of Trog.
  6774 | D:6      | Found a radiant altar of Vehumet.
  6775 | D:6      | Found a snail-covered altar of Cheibriados.
  6778 | D:6      | Found a glowing silver altar of Zin.
  6887 | D:6      | Found a white marble altar of Elyvilon.
  6997 | D:6      | You fall into a shaft and drop 1 floor!
  6998 | D:7      | Noticed Prince Ribbit
  7006 | D:7      | Killed Prince Ribbit
  7029 | D:7      | Identified the +9 falchion "Pugyniqa" {freeze, Int+8}
  7333 | D:6      | Reached XP level 9. HP: 62/78 MP: 9/9
  7418 | D:6      | Reached skill level 9 in Long Blades
  7623 | D:7      | Found an ornate altar of the Wu Jian Council.
  7633 | D:7      | Noticed Joseph
  7643 | D:7      | Killed Joseph
  7712 | D:7      | Noticed a troll
  7719 | D:7      | Killed a troll
  7956 | D:7      | Reached skill level 10 in Long Blades
  8636 | D:8      | Reached skill level 1 in Translocations
  8647 | D:8      | Reached XP level 10. HP: 70/88 MP: 10/10
  8969 | D:8      | Noticed Maurice
  8976 | D:8      | Killed Maurice
  9036 | D:8      | Noticed a manticore
  9044 | D:8      | Killed a manticore
  9186 | D:8      | Reached skill level 11 in Long Blades
  9406 | D:8      | You fall into a shaft and drop 1 floor!
  9533 | D:9      | Noticed a centaur warrior
  9549 | D:9      | Killed a centaur warrior
  9643 | D:8      | Noticed Gastronok
  9666 | D:8      | Killed Gastronok
  9667 | D:8      | Reached XP level 11. HP: 88/99 MP: 11/11
  9792 | D:8      | Identified the ring "Kuwaum" {Fly AC+4 Int+4}
  9851 | D:8      | Reached skill level 5 in Translocations
  9887 | D:8      | Reached skill level 10 in Fighting
 10611 | D:9      | Found Plog's Assorted Antiques.
 10789 | D:9      | Reached skill level 1 in Spellcasting
 11146 | D:10     | Entered Level 10 of the Dungeon
 11387 | D:10     | Found Coludd's Book Emporium.
 11444 | D:10     | Reached skill level 12 in Long Blades
 11575 | D:10     | Found a burning altar of Makhleb.
 11577 | D:10     | Noticed Fannar
 11577 | D:10     | Noticed a two-headed ogre
 11589 | D:10     | Killed a two-headed ogre
 11617 | D:10     | Killed Fannar
 11682 | D:10     | Identified the +10 whip of Earthquakes {pain, Dex+6}
 11938 | D:10     | Noticed Nergalle
 11954 | D:10     | Killed Nergalle
 11958 | D:10     | HP: 7/148 [poisoned by Nergalle]
 11959 | D:10     | HP: 3/99 [poisoned by Nergalle]
 11960 | D:10     | HP: 1/99 [poisoned by Nergalle]
 12576 | D:11     | Found Ofaeguz's Book Shoppe.
 12761 | D:11     | Noticed a two-headed ogre
 12814 | D:11     | Reached XP level 12. HP: 75/106 MP: 17/17
 12822 | D:11     | Killed a two-headed ogre
 13010 | D:11     | Found a staircase to the Lair.
 13478 | D:11     | Found a staircase to the Orcish Mines.
 13734 | D:11     | Noticed a boulder beetle
 13761 | D:11     | Killed a boulder beetle
 14147 | D:12     | Noticed a two-headed ogre
 14157 | D:12     | Killed a two-headed ogre
 14158 | D:12     | Reached skill level 10 in Dodging
 14327 | D:12     | Noticed an eight-headed hydra
 14460 | D:12     | Noticed a two-headed ogre
 14464 | D:12     | Killed a two-headed ogre
 14465 | D:12     | Reached skill level 5 in Spellcasting
 14586 | D:12     | Reached skill level 13 in Long Blades
 14596 | D:12     | Reached skill level 1 in Evocations
 14628 | D:12     | Noticed a rakshasa
 14638 | D:12     | Noticed a two-headed ogre
 14646 | D:12     | Killed a rakshasa
 14657 | D:12     | Killed a two-headed ogre
 15212 | D:12     | Killed a seven-headed hydra
 15419 | D:13     | Noticed a two-headed ogre
 15431 | D:13     | Noticed a two-headed ogre
 15645 | D:13     | Noticed a two-headed ogre
 15852 | Lair:1   | Entered Level 1 of the Lair of Beasts
 15917 | Lair:1   | Noticed an eight-headed hydra
 15928 | Lair:1   | Killed a two-headed hydra
 15929 | Lair:1   | Reached XP level 13. HP: 42/113 MP: 20/20
 16865 | Lair:1   | Identified the +8 long sword of Enifitz {elec, Str+4
                  | Stlth+}
 17056 | Lair:2   | Found a dark tunnel.
 17065 | Volcano  | Entered a volcano
 17203 | Volcano  | Noticed a red draconian
 17222 | Volcano  | Killed a red draconian
 17770 | Lair:2   | Noticed Sonja
 17789 | Lair:2   | Killed Sonja
 18621 | Lair:3   | Reached skill level 5 in Evocations
 18816 | Lair:3   | Reached skill level 14 in Long Blades
 19109 | Lair:3   | Got the Collected Works on Dusty Displacement
 19449 | Lair:3   | Found a staircase to the Shoals.
 19774 | Lair:4   | Reached skill level 10 in Translocations
 20847 | Lair:4   | Found a hole to the Spider Nest.
 21380 | Lair:5   | Reached XP level 14. HP: 121/121 MP: 22/22
 22235 | Lair:5   | Found a staircase to the Slime Pits.
 22781 | Lair:5   | Learned a level 5 spell: Borgnjor's Vile Clutch
 22782 | Lair:6   | Entered Level 6 of the Lair of Beasts
 22991 | Lair:6   | Noticed Urug
 23034 | Lair:6   | Killed Urug
 23396 | Lair:6   | Reached skill level 15 in Long Blades
 24792 | Lair:6   | Reached XP level 15. HP: 66/126 MP: 26/26
 24908 | Lair:6   | Reached skill level 1 in Earth Magic
 25031 | Lair:6   | Noticed Snorg
 25078 | Lair:6   | Killed Snorg
 26235 | D:12     | Reached skill level 1 in Shields
 27240 | D:14     | Paralysed by a great orb of eyes for 7 turns
 27334 | D:14     | Found a flagged portal.
 27357 | Bailey   | Entered a bailey
 27445 | Bailey   | Found an iron altar of Okawaru.
 27453 | Bailey   | Paralysed by an orc sorcerer for 3 turns
 27623 | Bailey   | Identified a scroll of acquirement
 27629 | Bailey   | Acquired the +0 hat of Uciz Bao {Rampage Regen+ Str+3}
 28080 | Bailey   | Got the Grimoire of Calling and the Rocks
 28791 | D:14     | Found a gate to the Vaults.
 28951 | D:15     | Entered Level 15 of the Dungeon
 28968 | D:15     | Reached skill level 16 in Long Blades
 29000 | D:15     | Slain by a centaur warrior simulacrum

Illustrated notes

Levels and vault maps discovered:
D:1:      nzn_arrival_settlement, layout_loops_ring,
          shapermc_ecumenical_altar_pompeii
D:2:      minmay_evil_eye, layout_loops_ring, basic_altar, corexii_shack
D:3:      layout_rooms, grunt_temple_overflow_growth_and_decay,
          tso_oasis_becter, mainiacjoe_overflow_tiny_flanked,
          ebering_ghost_sewer_f, serial_bayou, serial_bayou_pond_d,
          serial_bayou_shore_b, serial_bayou_pond_a, serial_bayou_shore_b,
          st_stairs_3
D:4:      layout_gridville, serial_shops, nicolae_shop_behind_doors
D:5:      layout_basic, kennysheep_little_box, nicolae_overflow_crystal_walls,
          minmay_temple_entry_glass
D:6:      layout_gridville, mainiacjoe_overflow_brackets, minitemple
D:7:      minmay_angry_zag, layout_loops_cross,
          pdpol_wu_jian_five_deadly_venoms, nrook_pool_corridor,
          uniq_prince_ribbit1, uniq_joseph
D:8:      layout_gridville, kennysheep_generic_room_5, uniq_gastronok,
          uniq_maurice
D:9:      layout_loops_cross, serial_shops, shop,
          minmay_fractal_squares_diagonal_5
D:10:     layout_irregular_city, bloody_makhleb, serial_shops, shop,
          uniq_nergalle, uniq_fannar
D:11:     layout_loops_cross, lair_entry_dummy,
          kennysheep_orc_monster_closet_entryway, minmay_misc_feat_doors,
          minivault_16, nicolae_stop_n_shop_1
D:12:     layout_loops_ring, grunt_ministairs_2
D:13:     layout_rooms
D:14:     layout_small_grid, hangedman_vaults_entry_quadrant_bands,
          enter_bailey_7
D:15:     hangedman_depths_entry_civil_slaughter, layout_loops_corners,
          serial_shops, bzr_entry_customers, nemelex_diamond_rough_becter
Temple:   compressed_dpeg_triangle_lava_temple
Lair:1:   layout_cave_shapes, serial_bayou_shore_a, grunt_megastairs_1
Lair:2:   layout_roguey, lightli_volcano_entry_magma_tube, uniq_sonja
Lair:3:   layout_loops_ring, elwin_shoals_entry_stream
Lair:4:   layout_cave_shapes, nicolae_spider_entry_orb_guardian,
          grunt_megastairs_4
Lair:5:   nzn_winding_woodlands_small [nzn_winding_woodlands_5x15_eye,
          nzn_winding_woodlands_center_garden,
          nzn_winding_woodlands_5x15_garden], layout_cave_pods,
          minmay_slime_entry_oklob_enclosed, minmay_stone_trees_small,
          grunt_megastairs_3
Lair:6:   minmay_lair_end_enchanted_forest, layout_misc_corridors,
          nzn_sisyphean_effort, grunt_megastairs_5, infiniplex_staircase_pool_2,
          uniq_snorg, uniq_urug

Skill      XL: |  1  2  3  4  5  6  7  8  9 10 11 12 13 14 15 |
---------------+----------------------------------------------+-----
Throwing       | 2 |  2.0
Dodging        | 3 4 5 6 7 8 9 10 11 12 13 | 13.5
Fighting       | 3 4 5 6 8 9 10 | 10.4
Long Blades    | 4 5 6 7 8 10 11 12 13 14 15 16 | 16.0
Translocations | 1 4 6 8 10 | 10.0
Spellcasting   | 3 5 7 |  7.7
Evocations     | 3 6 8 9 |  9.9
Earth Magic    | 4 |  4.1
Shields        | 3 |  3.7

Action                   |  1- 3 |  4- 6 |  7- 9 | 10-12 | 13-15 || total
-------------------------+-------+-------+-------+-------+-------++-------
Melee: Long sword        |    86 |   204 |   181 |   392 |       ||   863
       Tailslap          |    11 |    24 |    39 |   111 |   279 ||   464
       Falchion          |       |       |   109 |   181 |       ||   290
       Scimitar          |       |       |       |    53 |  1422 ||  1475
Throw: Throwing net      |       |       |     2 |       |       ||     2
Evoke: Wand              |       |       |       |     9 |    17 ||    26
  Use: Scroll            |       |     6 |    11 |    12 |    18 ||    47
       Potion            |       |       |       |     7 |     6 ||    13
 Stab: Sleeping          |       |     2 |     1 |     1 |     2 ||     6
       Distracted        |       |       |     1 |     4 |     6 ||    11
       Paralysed         |       |       |       |       |    15 ||    15
       Invisible         |       |       |       |       |     2 ||     2
Armor: Skin              |    27 |    92 |   111 |   233 |   561 ||  1024
Dodge: Dodged            |    66 |   188 |   173 |   431 |  1042 ||  1900
Block: Buckler           |       |       |       |       |    64 ||    64

Table legend: (Time is in decaauts)
 A = Elapsed time spent in this place.
 B = Non-inter-level travel time spent in this place.
 C = Inter-level travel time spent in this place.
 D = Time resting spent in this place.
 E = Time spent auto-exploring this place.
 F = Levels seen in this place.
 G = Mean time per level.
                   A        B        C        D        E       F      G
               +--------+--------+--------+--------+--------+-----+--------+
         Total |  28746 |  27963 |    783 |   8521 |  13834 |  24 | 1197.8 |
       Dungeon |  18104 |  17611 |    493 |   5201 |   9044 |  15 | 1206.9 |
        Temple |    288 |    280 |      8 |      0 |    273 |   1 |  288.0 |
          Lair |   9114 |   8832 |    282 |   2821 |   4361 |   6 | 1519.0 |
        Bailey |    839 |    839 |      0 |    299 |    156 |   1 |  839.0 |
       Volcano |    398 |    398 |      0 |    200 |      0 |   1 |  398.0 |
               +--------+--------+--------+--------+--------+-----+--------+

Top non-repeatable levels by time:
  Lair:6: 2604 daAuts
    D:12: 2120 daAuts
    D:11: 2049 daAuts
     D:8: 1718 daAuts
     D:3: 1622 daAuts
  Lair:5: 1605 daAuts
  Lair:4: 1472 daAuts
    D:10: 1453 daAuts
     D:2: 1442 daAuts
     D:5: 1297 daAuts
     D:7: 1251 daAuts
  Lair:2: 1173 daAuts
  Lair:1: 1171 daAuts
  Lair:3: 1087 daAuts
     D:4: 991 daAuts
